 Dungeon Crawl Stone Soup version 0.17.0-26-gececa24 (console) character file.

51 gw the Chiller (level 3, 0/23 HPs)
             Began as a High Elf Ice Elementalist on Nov 19, 2015.
             Slain by a gnoll
             ... wielding a +0 halberd of venom
              (9 damage)
             ... on level 2 of the Dungeon.
             The game lasted 00:00:54 (1688 turns).

gw the Chiller (High Elf Ice Elementalist)          Turns: 1688, Time: 00:00:54

Health: 0/23       AC:  8    Str:  7    XL:     3   Next: 57%
Magic:  0/8        EV: 12    Int: 19    God:
Gold:   45         SH:  0    Dex: 16    Spells: 3 memorised, 2 levels left

rFire  . . .     SeeInvis .     a - +0 club
rCold  . . .     Clarity  .     h - +0 leather armour
rNeg   . . .     SustAt   .     (no shield)
rPois  .         Gourm    .     (no helmet)
rElec  .         Spirit   .     (no cloak)
rCorr  .         Warding  .     (no gloves)
rMut   .         Stasis   .     (no boots)
MR     .....                    (no amulet)
Stlth  ++........               (no ring)
                                (no ring)

@: lethally poisoned (0 -> -14), icy armour, not resistant to hostile
enchantments, unstealthy
A: no striking features
a: no special abilities


You were on level 2 of the Dungeon.
You were full.

You visited 1 branch of the dungeon, and saw 2 of its levels.

You collected 45 gold pieces.

Inventory:

Hand Weapons
 a - a +0 club (weapon)
Armour
 h - a +0 leather armour (worn)
Potions
 d - a potion of flight {unknown}
 e - a potion of might {unknown}
 f - a potion of beneficial mutation {unknown}
Books
 b - a book of Frost

   Spells                             Type                      Level
   a - Freeze                         Ice                          1
   b - Throw Frost                    Conjuration/Ice              2
   c - Ozocubu's Armour               Charms/Ice                   3
   d - Throw Icicle                   Conjuration/Ice              4
   e - Summon Ice Beast               Ice/Summoning                4
   f - Condensation Shield            Ice                          4


   Skills:
 + Level 1.4 Fighting
 + Level 2.9 Dodging
 - Level 2.1 Stealth
 * Level 3.1 Spellcasting
 - Level 1.1 Conjurations
 + Level 3.4 Ice Magic


You had 2 spell levels left.
You knew the following spells:

 Your Spells              Type           Power        Failure   Level  Hunger
a - Freeze                Ice            ###.         8%          1    None
b - Throw Frost           Conj/Ice       ##....       14%         2    ##.....
c - Ozocubu's Armour      Chrm/Ice       #.......     34%         3    ###....


Dungeon Overview and Level Annotations

Branches:
Dungeon (2/15)

Altars:


Message History

You freeze the gnoll.
The gnoll is almost dead.
You feel sick. The gnoll misses you. The gnoll closely misses you.
A hobgoblin comes into view. It is wielding a club.
ATTACK MOVE TO (0,1)
You closely miss the gnoll.
The gnoll is almost dead.
You feel sick. The gnoll hits you but does no damage.
The gnoll hits you with a halberd of venom.
You are lethally poisoned!
ATTACK MOVE TO (0,1)
You hit the gnoll.
The gnoll is almost dead.
You feel sick. The gnoll barely misses you. The gnoll closely misses you.
ATTACK MOVE TO (0,1)
You hit the gnoll but do no damage.
The gnoll is almost dead.
You feel sick. The gnoll barely misses you.
The gnoll hits you with a halberd of venom!
You die...

#......>..#.......
#.[#.#....# .....
#. #.#....####....
.. #.##..........#
. ##..............
........%.......
.......$........
................
.......e........
.......g###.S...
..##..ggg ..... #
###.g.. ...S.
#..... ....
#...... #.......
###+#####


You could see 4 gnolls, an adder (wandering) and a hobgoblin.

Table legend:
 A = Turns spent in this place as a percentage of turns spent in the entire game.
 B = Non-inter-level travel turns spent in this place as a percentage of non-inter-level travel turns spent in the entire game.
 C = Inter-level travel turns spent in this place as a percentage of turns spent in this place.
 D = Turns resting spent in this place as a percentage of non-inter-level travel turns spent in this place.
 E = Turns spent auto-exploring this place as a percentage of non-inter-level travel turns spent in this place.
 F = Non-inter-level travel turns spent in this place divided by the number of levels of this place that you've seen.
                   A       B       C       D       E      F
               +-------+-------+-------+-------+-------+----------------------
         Total | 100.0 | 100.0 |   0.6 |   3.4 |   2.2 | 937.5
       Dungeon | 100.0 | 100.0 |   0.6 |   3.4 |   2.2 | 937.5
               +-------+-------+-------+-------+-------+----------------------

Table legend:
 A = Kills in this place as a percentage of kills in entire the game.
 B = Kills by you in this place as a percentage of kills by you in the entire game.
 C = Kills by friends in this place as a percentage of kills by friends in the entire game.
 D = Other kills in this place as a percentage of other kills in the entire game.
 E = Experience gained in this place as a percentage of experience gained in the entire game.
 F = Experience gained in this place divided by the number of levels of this place that you have seen.
                   A       B       C       D       E      F
               +-------+-------+-------+-------+-------+----------------------
         Total | 100.0 | 100.0 |  -nan |  -nan | 100.0 |  36.5
       Dungeon | 100.0 | 100.0 |  -nan |  -nan | 100.0 |  36.5
               +-------+-------+-------+-------+-------+----------------------

Vanquished Creatures
  2 adders (D:2)
  2 worms (D:2)
  A giant gecko (D:1)
  3 ball pythons
  3 bats
  3 hobgoblins (D:1)
  A giant cockroach (D:2)
  2 giant newts
  5 goblins (D:1)
  3 kobolds (D:1)
  A quokka (D:2)
  A rat (D:2)
27 creatures vanquished.

Notes
Turn   | Place    | Note
--------------------------------------------------------------
     0 | D:1      | gw the High Elf Ice Elementalist began the quest for the Orb.
     0 | D:1      | Reached XP level 1. HP: 11/11 MP: 4/4
   311 | D:1      | Reached XP level 2. HP: 16/18 MP: 2/6
   352 | D:1      | Learned a level 2 spell: Throw Frost
  1274 | D:2      | Reached skill level 1 in Fighting
  1344 | D:2      | Reached XP level 3. HP: 23/23 MP: 1/8
  1410 | D:2      | Learned a level 3 spell: Ozocubu's Armour
  1688 | D:2      | Slain by a gnoll

Action                   || total
-------------------------++-------
Melee: Club              ||     9
 Cast: Freeze            ||    18
       Throw Frost       ||    29
       Ozocubu's Armour  ||     1
  Use: Potion            ||     2
       Scroll            ||     1
  Eat: Chunk             ||     4
       Bread ration      ||     1

Vault maps used:
D:1:      matt_arrival_spirals
